 Dungeon Crawl Stone Soup version 0.26.0-10-g1f06aea511 (webtiles) character file.

Game seed: 16796828637486958427

1395 gruber the Destroyer (level 8, -4/46 HPs)
             Began as an Octopode Conjurer on Jan 15, 2021.
             Was a Follower of Vehumet.
             Slain by a centaur (10 damage)
             ... on level 6 of the Dungeon.
             The game lasted 00:09:19 (6108 turns).

gruber the Destroyer (Octopode Conjurer)            Turns: 6108, Time: 00:09:20

Health: -4/46      AC:  1    Str:  3    XL:     8   Next: 68%
Magic:  18/20      EV: 12    Int: 22    God:    Vehumet [*.....]
Gold:   353        SH:  3    Dex: 10    Spells: 4/11 levels left

rFire    . . .     SeeInvis .   p - +2 whip (venom)
rCold    . . .     Faith    .   k - +0 buckler
rNeg     . . .     Spirit   .   (helmet restricted)
rPois    .         Reflect  .   b - amulet of magic regeneration
rElec    .         Harm     .   l - -4 ring of strength (curse)
rCorr    .         Rampage  .   u - ring of magical power
Will     .....                  (no ring)
Stlth    +++.......             (no ring)
HPRegen  0.15/turn              (no ring)
MPRegen  0.42/turn              (no ring)
                                (no ring)
                                (no ring)

@: no status effects
A: almost no armour, stealthy swim, amphibious, 8 rings, constrict 8, camouflage
1, gelatinous body 1
a: Renounce Religion


You were on level 6 of the Dungeon.
You worshipped Vehumet.
Vehumet was aware of your devotion.
You visited 1 branch of the dungeon, and saw 6 of its levels.

You collected 353 gold pieces.

Inventory:

Hand Weapons
 p - a +2 whip of venom (weapon)
Armour
 k - a +0 buckler (worn)
Jewellery
 b - an amulet of magic regeneration (around mantle)
 d - an uncursed amulet of faith {unknown}
 l - a cursed -4 ring of strength (left tentacle)
 u - a ring of magical power (right tentacle)
Wands
 i - a wand of flame (10)
 m - a wand of iceblast (8)
 x - a wand of polymorph (8)
Scrolls
 a - 2 scrolls of fog {unknown}
 c - a scroll of fear {unknown}
 e - 13 scrolls of identify {unknown}
 g - 7 scrolls of teleportation {unknown}
 q - a scroll of magic mapping {unknown}
 s - 2 scrolls of random uselessness {unknown}
 t - a scroll of noise {unknown}
 v - 2 scrolls of enchant weapon {unknown}
 w - 2 scrolls of immolation {unknown}
 y - a scroll of blinking {unknown}
Potions
 f - a potion of magic {unknown}
 h - 2 potions of heal wounds {unknown}
 j - a potion of might {unknown}
 n - a potion of brilliance {unknown}
 o - 2 potions of berserk rage {unknown}
 r - 2 potions of curing {unknown}


   Skills:
 + Level 0.2 Long Blades
 + Level 0.2 Axes
 + Level 0.4 Staves
 + Level 0.2(0.3) Slings
 + Level 0.2 Bows
 + Level 0.2 Crossbows
 + Level 0.2(0.3) Throwing
 - Level 2.0 Dodging
 - Level 2.6 Stealth
 + Level 0.5 Shields
 - Level 2.0 Spellcasting
 - Level 10.6 Conjurations
 + Level 0.2 Hexes
 + Level 0.5 Summonings
 + Level 0.2 Necromancy
 + Level 0.2 Transmutations
 + Level 0.2 Fire Magic
 + Level 0.2 Ice Magic
 + Level 0.3 Air Magic
 + Level 0.4 Earth Magic
 + Level 0.5 Poison Magic
 + Level 0.7 Invocations


You had 4 spell levels left.
You knew the following spells:

 Your Spells              Type           Power        Failure   Level
a - Magic Dart            Conj           100%         1%          1
b - Searing Ray           Conj           98%          1%          2
c - Iskenderun's Mystic   Conj/Tloc      25%          24%         4

Your spell library contained the following spells:

 Spells                   Type           Power        Failure   Level
 Freeze                   Ice            12%          19%         1
 Dazzling Flash           Conj/Hex       52%          7%          3
 Fulminant Prism          Conj/Hex       13%          22%         4


Dungeon Overview and Level Annotations

Branches:
Dungeon (6/15)             Temple (0/1) D:5

Altars:
Ashenzari
Hepliaklqana
Kikubaaqudgha
Okawaru
Uskayaw
Vehumet
Wu Jian
The Shining One

Shops:
D:4 *   D:5 }

Annotations:
D:4 3 runed translucent doors, zero's ghost, amateur GrBe


Innate Abilities, Weirdness & Mutations

You cannot wear most types of armour.
You are very stealthy in the water. (Stealth+)
You are amphibious.
You can wear up to eight rings at the same time.
You can use your tentacles to constrict eight enemies at once.
Your skin changes colour to match your surroundings (Stealth+).
Your rubbery body absorbs attacks. (AC +1, EV +1)


Message History

The centaur wields a +0 shortbow.
The centaur shoots an arrow.
The arrow hits you!
You see here an arrow.
The centaur shoots an arrow.
The arrow hits you!
The centaur shoots an arrow.
The arrow closely misses you.
The centaur shoots an arrow.
The arrow hits you!
* * * LOW HITPOINT WARNING * * *
You see here 2 arrows.
The centaur unwields a +0 shortbow.
The centaur hits you.
* * * LOW HITPOINT WARNING * * *
Casting: Searing Ray (safe; 1% risk of failure)
Confirm with . or Enter, or press ? or * to list all spells.
Aiming: Searing Ray (safe; 1% risk of failure)
Press: ? - help, Shift-Dir - straight line, f - centaur
Aim: a centaur, quivering 20 arrows (10% to evade)
The searing ray hits the centaur.
The centaur is lightly wounded. (Press . to maintain the ray.)
The centaur barely misses you. The centaur hits you!
You die...

.....# )....# .....#
.....## ......## ##
.......## ###...
#.......## ####......
#######..######......##
##..##.(.(@.....#
#..........c...... #
#...............8. ###
#8...##........... ..##
#.....####....#.8. ...#
#..8#.# ###### .. ...#
#...#.# . ...# #8.8#.#
...# #... .#


You could see a centaur.

Vanquished Creatures
  An ice beast (D:5)
  2 phantoms
  2 ogres (D:4)
  A centaur (D:5)
  2 scorpions (D:5)
  3 orc priests (D:4)
  4 hounds
  3 iguanas
  Ijyb (D:2)
  4 orc wizards
  Robin (D:2)
  14 gnolls
  7 adders
  A shadow imp (D:3)
  An ufetubus (D:6)
  2 worms
  3 dart slugs
  7 leopard geckos
  12 orcs
  11 bats
  5 giant cockroaches
  17 goblins
  14 hobgoblins
  13 jackals
  A quokka (D:3)
  A ball python (D:3)
  5 frilled lizards
  A giant cockroach zombie (D:6)
  9 kobolds
  A leopard gecko skeleton (D:6)
  8 rats
157 creatures vanquished.

Vanquished Creatures (others)
  2 fungi (D:4)
  6 plants
8 creatures vanquished.

Grand Total: 165 creatures vanquished

Notes
Turn   | Place    | Note
-------+----------+-------------------------------------------
     0 | D:1      | gruber the Octopode Conjurer began the quest for the Orb.
     0 | D:1      | Reached XP level 1. HP: 11/11 MP: 3/3
   558 | D:1      | Reached XP level 2. HP: 17/17 MP: 1/5
   850 | D:1      | Learned a level 2 spell: Searing Ray
   971 | D:1      | Reached XP level 3. HP: 12/21 MP: 3/6
  1298 | D:1      | Reached skill level 5 in Conjurations
  1800 | D:2      | Reached XP level 4. HP: 27/27 MP: 7/7
  1862 | D:2      | Noticed Robin
  2005 | D:2      | Reached skill level 6 in Conjurations
  2099 | D:2      | Reached XP level 5. HP: 31/31 MP: 4/8
  2112 | D:2      | Killed Robin
  2307 | D:2      | Noticed Ijyb
  2338 | D:2      | Killed Ijyb
  2797 | D:3      | Reached skill level 7 in Conjurations
  2957 | D:3      | Reached XP level 6. HP: 31/36 MP: 9/9
  3046 | D:3      | Found a glowing golden altar of the Shining One.
  3452 | D:4      | Found Bugepono's General Store.
  3504 | D:4      | Noticed a phantom
  3511 | D:4      | Killed a phantom
  3512 | D:4      | Reached skill level 8 in Conjurations
  3512 | D:4      | Reached XP level 7. HP: 41/41 MP: 4/10
  3794 | D:4      | Found an ancient bone altar of Kikubaaqudgha.
  3952 | D:4      | Reached skill level 9 in Conjurations
  3970 | D:4      | Found a runed translucent gate.
  3971 | D:4      | Found a runed translucent gate.
  3972 | D:4      | Found a runed translucent gate.
  3975 | D:4      | Noticed zero's ghost (amateur GrBe)
  4198 | D:4      | Found a hide-covered altar of Uskayaw.
  4203 | D:4      | Found a radiant altar of Vehumet.
  4214 | D:4      | Found a broken altar of Ashenzari.
  4366 | D:4      | Became a worshipper of Vehumet
  4631 | D:5      | Entered Level 5 of the Dungeon
  4651 | D:5      | Found an iron altar of Okawaru.
  4769 | D:5      | Reached XP level 8. HP: 46/46 MP: 11/11
  4774 | D:5      | Learned a level 4 spell: Iskenderun's Mystic Blast
  4992 | D:5      | Reached skill level 10 in Conjurations
  5055 | D:5      | Found Wuul's Gadget Shoppe.
  5192 | D:5      | Found a staircase to the Ecumenical Temple.
  5688 | D:5      | Found a hazy altar of Hepliaklqana.
  6028 | D:6      | Reached * piety under Vehumet
  6028 | D:6      | Offered knowledge of Freeze by Vehumet.
  6085 | D:6      | Found an ornate altar of the Wu Jian Council.
  6108 | D:6      | Slain by a centaur

Illustrated notes

Levels and vault maps discovered:
D:1:      ebering_trefoil_3fold, layout_basic, minmay_pentomino_o4
D:2:      kennysheep_the_goblin_king, layout_basic, serial_bayou_pond_c,
          uniq_robin
D:3:      layout_rooms, nicolae_overflow_crystal_walls
D:4:      layout_loops_ring, minmay_overflow_temple_star_quad,
          lemuel_doored_altar, serial_shops, shop,
          gammafunk_ghost_nasty_kobolds, kennysheep_opposing_triangles
D:5:      layout_loops_corners, nzn_hepliaklqana_mist_gate,
          minmay_temple_entry_purple_smoke, serial_shops, shop, okawaru_trees_1
D:6:      layout_cave_pods, pdpol_wu_jian_five_deadly_venoms,
          serial_column_ruins, column_ruins_hut_ruined, column_ruins_hut,
          column_ruins_columns_T, column_ruins_corridor_straight,
          column_ruins_open_medium, column_ruins_corridor_straight

Skill      XL: |  1  2  3  4  5  6  7  8 |
---------------+-------------------------+-----
Conjurations   | 5 6 7 8 9 10 | 10.6
Long Blades    | |  0.2
Axes           | |  0.2
Staves         | |  0.4
Slings         | |  0.2
Bows           | |  0.2
Crossbows      | |  0.2
Throwing       | |  0.2
Dodging        | |  2.0
Stealth        | |  2.6
Shields        | |  0.5
Spellcasting   | |  2.0
Hexes          | |  0.2
Summonings     | |  0.5
Necromancy     | |  0.2
Transmutations | |  0.2
Fire Magic     | |  0.2
Ice Magic      | |  0.2
Air Magic      | |  0.3
Earth Magic    | |  0.4
Poison Magic   | |  0.5
Invocations    | |  0.7

Action                   |  1- 3 |  4- 6 |  7- 9 || total
-------------------------+-------+-------+-------++-------
Melee: Unarmed           |    31 |     1 |       ||    32
       Constrict         |     6 |     5 |     2 ||    13
       Tentacles         |     3 |     1 |       ||     4
       Whip              |       |    14 |     9 ||    23
       Spear             |       |     9 |       ||     9
 Cast: Magic Dart        |    50 |    10 |     8 ||    68
       Searing Ray       |     7 |    31 |    46 ||    84
 Stab: Sleeping          |     4 |     4 |       ||     8
       Distracted        |       |     1 |       ||     1
Armor: Skin              |     6 |     2 |     1 ||     9
Dodge: Dodged            |    30 |    25 |    15 ||    70
